 Dungeon Crawl Stone Soup version 0.30-a0-219-gf2db51d15e (webtiles) character file.

Game seed: 3046924500852483039

1850 vulpzor the Cleaver (level 9, 0/79 HPs)
             Began as a Hill Orc Gladiator on Oct 8, 2022.
             Was a Believer of Kikubaaqudgha.
             Slain by a red ugly thing (23 damage)
             ... on level 6 of the Dungeon.
             The game lasted 00:25:17 (4574 turns).

vulpzor the Cleaver (Hill Orc Gladiator)            Turns: 4574, Time: 00:25:22

Health: 0/79       AC: 13    Str: 21    XL:     9   Next: 12%
Magic:  9/9        EV: 14    Int:  8    God:    Kikubaaqudgha [**....]
Gold:   171        SH:  5    Dex: 18    Spells: 8/8 levels left

rFire   . . .      SeeInvis .    L - +1 hand axe (vorpal)
rCold   . . .      Faith    .    (no shield)
rNeg    . . .      Spirit   .    T - +4 chain mail
rPois   .          Reflect  +    c - +0 helmet
rElec   .          Harm     .    (no cloak)
rCorr   .          Rampage  .    (no gloves)
Will    .....                    (no boots)
Stlth   ..........               C - amulet of reflection
HPRegen 0.33/turn                N - +6 ring of dexterity
MPRegen 0.11/turn                w - +4 ring of evasion

@: no status effects
A: no striking features
a: Renounce Religion, Unearth Wretches


You were on level 6 of the Dungeon.
You worshipped Kikubaaqudgha.
Kikubaaqudgha was pleased with you.
You visited 1 branch of the dungeon, and saw 6 of its levels.

You collected 171 gold pieces.

Inventory:

Hand Weapons
 a - a +0 war axe
 k - a +0 dagger of draining
 E - a +0 hand axe of electrocution
 F - a +2 scythe of holy wrath
 H - a +0 flail of protection
 I - a +4 dagger
 L - a +1 vorpal hand axe (weapon)
Missiles
 d - 3 throwing nets (quivered)
 e - a javelin
 K - 6 atropa-tipped darts
Armour
 b - a +0 leather armour
 c - a +0 helmet (worn)
 i - a +0 leather armour
 r - a +0 ring mail
 s - a +2 plate armour
 x - a +1 pair of gloves
 P - a +1 scale mail of poison resistance
 T - a +4 chain mail (worn)
Jewellery
 n - a ring of flight
 w - a +4 ring of evasion (right hand)
 A - an amulet of guardian spirit
 C - an amulet of reflection (around neck)
 N - a +6 ring of dexterity (left hand)
Wands
 S - a wand of flame (14)
Scrolls
 f - 4 scrolls of teleportation
 g - 9 scrolls of identify
 l - a scroll of amnesia {unknown}
 o - a scroll of fog {unknown}
 p - 2 scrolls of blinking {unknown}
 q - a scroll of torment {unknown}
 y - 2 scrolls of magic mapping {unknown}
 z - a scroll of vulnerability {unknown}
 G - 2 scrolls of poison {unknown}
 J - 2 scrolls of acquirement {unknown}
 M - a scroll of summoning {unknown}
 O - a scroll of fear {unknown}
 R - a scroll of enchant weapon {unknown}
Potions
 h - a potion of ambrosia
 j - 2 potions of haste
 m - 3 potions of brilliance
 t - 2 potions of lignification {unknown}
 u - a potion of invisibility {unknown}
 v - 5 potions of curing {unknown}
 B - 2 potions of heal wounds {unknown}
 D - 2 potions of mutation {unknown}
 Q - a potion of flight {unknown}


   Skills:
 + Level 7.3 Fighting
 + Level 8.5 Axes
 + Level 5.5 Throwing
 + Level 5.3 Dodging


You had 8 spell levels left.
You didn't know any spells.
Your spell library contained the following spells:

 Spells                   Type           Power      Damage    Failure   Level
 Necrotise                Necr           0%         1d4       99%         1
 Sandblast                Erth           0%         2d4       99%         1
 Cigotuvi's Dreadful Rot  Necr/Pois/Air  0%         N/A       100%        2
 Passwall                 Tmut/Erth      0%         N/A       100%        2
 Scorch                   Fire           0%         2d5       100%        2
 Frozen Ramparts          Ice            0%         1d1       100%        3
 Stone Arrow              Conj/Erth      0%         3d7       100%        3
 Vampiric Draining        Necr           0%         2d6       100%        3
 Animate Dead             Necr           0%         N/A       100%        4
 Flame Wave               Conj/Fire      0%         2d4       100%        4
 Ice Form                 Ice/Tmut       0%         N/A       100%        4
 Summon Ice Beast         Ice/Summ       0%         N/A       100%        4
 Summon Cactus Giant      Summ           0%         N/A       100%        6


Dungeon Overview and Level Annotations

Branches:
Dungeon (6/15)             Temple (0/1) D:4

Altars:
Ashenzari
Elyvilon
Fedhas
Kikubaaqudgha
Makhleb
Sif Muna
Yredelemnul


Message History

You closely miss the necrophage.
The necrophage is severely damaged.
You block the necrophage's attack.
You barely miss the necrophage.
The necrophage is severely damaged.
The necrophage closely misses you.
You hit the necrophage.
The necrophage is almost destroyed.
The necrophage hits you.
You feel drained.
You slash the necrophage!
You destroy the necrophage!
Kikubaaqudgha accepts your kill.
Your life force feels restored.
No target in view!
A red ugly thing comes into view.
The red ugly thing gurgles horribly!
The red ugly thing stings you but does no damage.
Okay, then.
You don't know any spells.
You hit the red ugly thing.
The red ugly thing is lightly wounded.
You closely miss the red ugly thing.
The red ugly thing is lightly wounded.
The red ugly thing stings you.
You are engulfed in flames!!
You hit the red ugly thing.
The red ugly thing is lightly wounded.
The red ugly thing stings you but does no damage.
You closely miss the red ugly thing.
The red ugly thing is lightly wounded.
The red ugly thing stings you.
You are engulfed in flames!!
You hit the red ugly thing.
The red ugly thing is lightly wounded.
The red ugly thing stings you but does no damage.
You closely miss the red ugly thing.
The red ugly thing is lightly wounded.
The red ugly thing stings you!
* * * LOW HITPOINT WARNING * * *
You are engulfed in flames!!
You die...
Kikubaaqudgha rasps: "You have failed me!
Welcome... death!"

#.............................###
#.......).............#######.#
#.....................# #.#
#.....................# #.#
#..........############ #.###
#.....####.## .# #... #....
#.....# #..###.#..# ##### #######
##..#.#u.# ##.##.@# #.#..##
#...## ###..# ##..# #..# #..#
#... ###


You could see a red ugly thing.

Vanquished Creatures
  Sigmund (D:4)
  Edmund (D:4)
  Duvessa (D:5)
  A black bear (D:5)
  An orc warrior (D:5)
  An ogre (D:6)
  2 phantoms
  4 necrophages
  A bullfrog (D:6)
  2 scorpions
  A water moccasin zombie (D:4)
  Dowan (D:5)
  4 hounds (D:5)
  An orc priest (D:6)
  A jelly (D:6)
  A scorpion zombie (D:4)
  An iguana (D:4)
  4 orc wizards (D:4)
  10 adders
  An ufetubus (D:5)
  2 adder zombies (D:4)
  A worm (D:3)
  A dart slug (D:3)
  19 orcs
  7 ball pythons
  3 bats
  4 giant cockroaches
  12 goblins
  8 hobgoblins
  7 jackals
  5 kobolds
  4 quokkas
  A frilled lizard (D:1)
  3 rats (D:1)
  A bush (D:4)
118 creatures vanquished.

Vanquished Creatures (others)
  A hobgoblin (D:1)
  A bush (D:4)
  10 plants (D:4)
12 creatures vanquished.

Grand Total: 130 creatures vanquished

Notes
Turn   | Place    | Note
-------+----------+-------------------------------------------
     0 | D:1      | vulpzor the Hill Orc Gladiator began the quest for the Orb.
     0 | D:1      | Reached XP level 1. HP: 18/18 MP: 1/1
   133 | D:1      | Reached XP level 2. HP: 22/25 MP: 2/2
   304 | D:1      | Reached XP level 3. HP: 25/30 MP: 3/3
   462 | D:1      | Found a faded altar of an unknown god.
   469 | D:1      | Prayed at the altar of an unknown god.
   469 | D:1      | Became a worshipper of Kikubaaqudgha
   469 | D:1      | Reached * piety under Kikubaaqudgha
   469 | D:1      | Received a gift from Kikubaaqudgha
  1453 | D:3      | Found a shimmering blue altar of Sif Muna.
  1611 | D:3      | Reached XP level 4. HP: 34/38 MP: 4/4
  1737 | D:3      | Found a faded altar of an unknown god.
  1737 | D:3      | Found a broken altar of Ashenzari.
  1745 | D:3      | Found a burning altar of Makhleb.
  1752 | D:3      | Found a white marble altar of Elyvilon.
  1754 | D:3      | Found a basalt altar of Yredelemnul.
  2068 | D:4      | Noticed a phantom
  2075 | D:4      | Reached skill level 5 in Axes
  2077 | D:4      | Killed a phantom
  2078 | D:4      | Reached XP level 5. HP: 41/46 MP: 5/5
  2258 | D:4      | Found a blossoming altar of Fedhas.
  2323 | D:4      | Reached XP level 6. HP: 34/52 MP: 6/6
  2329 | D:4      | Reached ** piety under Kikubaaqudgha
  2330 | D:4      | Reached skill level 6 in Axes
  2346 | D:4      | Reached XP level 7. HP: 36/60 MP: 7/7
  2539 | D:4      | Reached skill level 5 in Fighting
  2540 | D:4      | Noticed Sigmund
  2541 | D:4      | Noticed Edmund
  2564 | D:4      | Killed Edmund
  2789 | D:4      | Found a staircase to the Ecumenical Temple.
  2927 | D:4      | Killed Sigmund
  2928 | D:4      | Reached skill level 7 in Axes
  2928 | D:4      | Reached XP level 8. HP: 61/70 MP: 8/8
  3043 | D:5      | Entered Level 5 of the Dungeon
  3080 | D:5      | Noticed Duvessa
  3080 | D:5      | Noticed Dowan
  3091 | D:5      | Killed Duvessa
  3091 | D:5      | Killed Dowan
  3226 | D:5      | Reached skill level 5 in Throwing
  3477 | D:5      | Reached skill level 8 in Axes
  3477 | D:5      | Reached skill level 5 in Dodging
  4146 | D:6      | Reached XP level 9. HP: 79/79 MP: 9/9
  4568 | D:6      | Noticed a red ugly thing
  4574 | D:6      | Slain by a red ugly thing

Illustrated notes

Levels and vault maps discovered:
D:1:      minmay_arrival_split_and_join, layout_rooms,
          chequers_ecumenical_altar_grove, fountainhead
D:2:      layout_basic
D:3:      layout_rooms, kennysheep_orc_sif_temple,
          chequers_temple_overflow_minitemple
D:4:      layout_rooms, fedhas_altar_decomposition,
          minmay_temple_entry_glassed_door, sigmund_edmund_badplayer
D:5:      layout_cave_pools, uniq_duvessa
D:6:      minmay_diamond_boxcup, layout_basic

Skill      XL: |  1  2  3  4  5  6  7  8 |
---------------+-------------------------+-----
Throwing       | 2 3 4 5 |  5.5
Fighting       | 3 4 5 7 |  7.3
Dodging        | 3 4 5 |  5.3
Axes           | 5 6 7 8 |  8.5

Action                   |  1- 3 |  4- 6 |  7- 9 || total
-------------------------+-------+-------+-------++-------
Melee: War axe           |    88 |   123 |    70 ||   281
       Punch             |       |     2 |     1 ||     3
       Hand axe          |       |       |   167 ||   167
Invok: Unearth Wretches  |     1 |       |       ||     1
  Use: Scroll            |     6 |     1 |     1 ||     8
 Stab: Paralysed         |     1 |       |       ||     1
Armor: Leather armour    |    27 |       |       ||    27
       Plate armour      |    11 |    59 |    76 ||   146
       Chain mail        |       |       |     5 ||     5
Dodge: Dodged            |    65 |    65 |   103 ||   233
Block: Other             |       |     5 |    43 ||    48

Table legend: (Time is in decaauts)
 A = Elapsed time spent in this place.
 B = Non-inter-level travel time spent in this place.
 C = Inter-level travel time spent in this place.
 D = Time resting spent in this place.
 E = Time spent auto-exploring this place.
 F = Levels seen in this place.
 G = Mean time per level.
                   A        B        C        D        E       F      G
               +--------+--------+--------+--------+--------+-----+--------+
         Total |   4621 |   4621 |      0 |    154 |   2885 |   6 |  770.2 |
       Dungeon |   4621 |   4621 |      0 |    154 |   2885 |   6 |  770.2 |
               +--------+--------+--------+--------+--------+-----+--------+

Top non-repeatable levels by time:
     D:4: 1038 daAuts
     D:6: 848 daAuts
     D:1: 770 daAuts
     D:3: 686 daAuts
     D:5: 665 daAuts
     D:2: 611 daAuts
